 Dungeon Crawl Stone Soup version 0.21-a0-426-g98080a9 (webtiles) character file.

471 grizmgrazm2 the Magician (level 6, -5/35 HPs)
             Began as a Deep Elf Earth Elementalist on Nov 5, 2017.
             Was a Follower of Vehumet.
             Slain by an orc warrior
             ... wielding a +0 war axe
              (14 damage)
             ... on level 4 of the Dungeon.
             The game lasted 00:10:47 (2913 turns).

grizmgrazm2 the Magician (DEEE)                     Turns: 2913, Time: 00:10:47

Health: -5/35      AC:  3    Str:  5    XL:     6   Next: 83%
Magic:  11/17      EV: 13    Int: 22    God:    Vehumet [*.....]
Gold:   140        SH:  0    Dex: 15    Spells: 9/17 levels left

rFire    + . .     SeeInvis +   v - +0 hunting sling
rCold    x . .     Gourm    .   (no shield)
rNeg     . . .     Faith    .   c - +0 robe
rPois    .         Spirit   .   o - +0 helmet {SInv}
rElec    .         Reflect  .   j - scarf {cloud immunity}
rCorr    .         Harm     .   (no gloves)
MR       .....                  (no boots)
Stlth    +++.......             (no amulet)
HPRegen  0.11/turn              n - ring of fire
MPRegen  0.15/turn              y - ring of stealth

@: no status effects
A: no striking features
a: Renounce Religion


You were on level 4 of the Dungeon.
You worshipped Vehumet.
Vehumet was aware of your devotion.
You were not hungry.

You visited 1 branch of the dungeon, and saw 4 of its levels.
You also visited: Sewer.

You collected 244 gold pieces.
You spent 104 gold pieces at shops.

Inventory:

Hand Weapons
 g - a +1 dagger
 v - a +0 hunting sling (weapon)
Missiles
 b - 97 stones
 u - 36 sling bullets (quivered)
Armour
 c - a +0 robe (worn)
 h - a +0 helmet
 j - a scarf of cloud immunity (worn)
 o - a +0 helmet of see invisible (worn)
Jewellery
 n - a ring of fire (left hand)
 y - a ring of stealth (right hand)
Scrolls
 a - 6 scrolls of identify
 i - 2 scrolls of teleportation
 l - 5 scrolls of remove curse
Potions
 k - a potion of brilliance
 m - a potion of invisibility
 p - 2 potions of degeneration
 q - 2 potions of curing {unknown}
 r - a potion of agility {unknown}
 s - a potion of heal wounds {unknown}
 x - a potion of lignification {unknown}
Books
 e - a book of Geomancy

   Spells                             Type                      Level
   a - Sandblast                      Earth                        1
   b - Passwall                       Transmutation/Earth          2
   c - Stone Arrow                    Conjuration/Earth            3
   d - Petrify                        Transmutation/Earth          4
   e - Lee's Rapid Deconstruction     Earth                        5
Comestibles
 d - a bread ration
 f - 3 fruits
 t - a chunk of flesh
 z - 2 meat rations


   Skills:
 * Level 2.3 Fighting
 + Level 0.2 Slings
 + Level 3.0 Dodging
 - Level 2.6 Stealth
 + Level 6.2 Spellcasting
 + Level 1.1 Transmutations
 + Level 5.9 Earth Magic


You had 9 spell levels left.
You knew the following spells:

 Your Spells              Type           Power        Failure   Level  Hunger
a - Sandblast             Erth           ####..       1%          1    None
b - Stone Arrow           Conj/Erth      ###...       8%          3    #......
c - Petrify               Tmut/Erth      ###.....     21%         4    ###....


Dungeon Overview and Level Annotations

Branches:
Dungeon (4/15)             Temple (0/1) D:4

Altars:
Elyvilon
Fedhas
Gozag
Kikubaaqudgha
Okawaru
Ru
Vehumet
Xom

Shops:
D:4 *


Message History

The hound skeleton barely misses you.
Casting: Sandblast
Confirm with . or Enter, or press ? or * to list all spells.
Aiming: Sandblast
Press: ? - help, Shift-Dir - straight line, f/p - hound skeleton
Aim: a hound skeleton (severely damaged)
The blast of sand hits the hound skeleton.
You destroy the hound skeleton!
Vehumet accepts your kill.
You feel your power returning.
b - 98 stones
Casting: Sandblast
Confirm with . or Enter, or press ? or * to list all spells.
Aiming: Sandblast
Press: ? - help, Shift-Dir - straight line, f - orc warrior
Aim: an orc warrior, wielding a war axe and wearing a chain mail The blast of sand hits the orc warrior.
b - 97 stones The orc warrior hits you with a war axe!
You die...

#.########.####.# #.#
#.## ##.# #..####.#
#..# ##......# #.##
#..###..# #.# ##.##
.# ##.### #..# #....#
#..## #....# #..@#
#....#####..#.oS.....
#.............#......
#....#######.##....##
#....# #. .....
###....#### #.# ##...
#.........# #. ..#
#.........# ## .#
#.........###


You could see an orc warrior and an adder.

Vanquished Creatures
  An ogre (D:4)
  2 bullfrogs (Sewer)
  A scorpion (D:4)
  A howler monkey (D:4)
  A worker ant (D:3)
  A hound skeleton (D:4)
  7 adders
  A howler monkey skeleton (D:4)
  An ooze (D:1)
  2 worms
  A dart slug (D:1)
  3 leopard geckos
  A ball python (Sewer)
  6 giant cockroaches
  4 goblins
  6 hobgoblins
  5 jackals
  2 kobolds
  A quokka (D:3)
  3 bats
  11 frilled lizards
  4 rats
65 creatures vanquished.

Notes
Turn   | Place    | Note
-------+----------+-------------------------------------------
     0 | D:1      | grizmgrazm2 the Deep Elf Earth Elementalist began the quest for the Orb.
     0 | D:1      | Reached XP level 1. HP: 10/10 MP: 6/6
   181 | D:1      | Reached XP level 2. HP: 15/15 MP: 5/8
   585 | D:2      | Reached XP level 3. HP: 20/20 MP: 5/10
   595 | D:2      | Reached skill level 1 in Fighting
   689 | D:2      | Found a radiant altar of Vehumet.
   690 | D:2      | Found a sacrificial altar of Ru.
   697 | D:2      | Found an iron altar of Okawaru.
   698 | D:2      | Found a blossoming altar of Fedhas.
   699 | D:2      | Found a shimmering altar of Xom.
   700 | D:2      | Found an opulent altar of Gozag.
   700 | D:2      | Found a white marble altar of Elyvilon.
   701 | D:2      | Found an ancient bone altar of Kikubaaqudgha.
   723 | D:2      | Became a worshipper of Vehumet
   732 | D:2      | Learned a level 3 spell: Stone Arrow
   858 | D:1      | Reached XP level 4. HP: 19/25 MP: 6/11
  1159 | D:3      | Reached skill level 4 in Spellcasting
  1299 | D:3      | Found a glowing drain.
  1303 | Sewer    | Entered a sewer
  1313 | Sewer    | Reached * piety under Vehumet
  1313 | Sewer    | Offered knowledge of Sting by Vehumet.
  1319 | Sewer    | Learned a level 4 spell: Petrify
  1563 | Sewer    | Noticed a bullfrog
  1565 | Sewer    | Noticed a bullfrog
  1569 | Sewer    | Killed a bullfrog
  1569 | Sewer    | Reached XP level 5. HP: 18/29 MP: 11/14
  1573 | Sewer    | Reached skill level 5 in Spellcasting
  1573 | Sewer    | Reached skill level 5 in Earth Magic
  2452 | D:3      | Reached XP level 6. HP: 21/35 MP: 13/16
  2768 | D:4      | Found Kiawu's General Store.
  2779 | D:4      | Bought 19 sling bullets for 104 gold pieces
  2826 | D:4      | Found a staircase to the Ecumenical Temple.
  2906 | D:4      | Noticed an orc warrior
  2910 | D:4      | Reached skill level 6 in Spellcasting
  2913 | D:4      | Slain by an orc warrior

Vault maps used:
D:1:      saegor_arrival_simple_d
D:2:      grunt_temple_overflow_open
D:3:      gup_sewer_entry_bowl
D:4:      minmay_temple_entry_large_hall, serial_shops, shop,
          minmay_three_crescents, uniq_crazy_yiuf_cottage
Sewer:    sewer_frog_island_01

Skill      XL: |  1  2  3  4  5  6 |
---------------+-------------------+-----
Earth Magic    | 4 5 |  5.9
Fighting       | 1 2 |  2.3
Spellcasting   | 4 5 6 |  6.2
Dodging        | 3 |  3.0
Slings         | |  0.2
Stealth        | |  2.6
Transmutations | |  1.1

Action                   |  1- 3 |  4- 6 || total
-------------------------+-------+-------++-------
Melee: Dagger            |       |     1 ||     1
 Fire: Hunting sling     |       |     1 ||     1
 Cast: Sandblast         |    34 |    61 ||    95
  Use: Scroll            |     5 |     4 ||     9
  Eat: Chunk             |       |     6 ||     6
Armor: Robe              |     2 |     6 ||     8
Dodge: Dodged            |     9 |    31 ||    40

Table legend:
 A = Spawn XP
 B = Non-spawn XP
 C = Spawn XP percentage of total XP
 D = Spawn monster count
 E = Non-spawn monster count
 F = Spawn count percentage of total count
 G = Total turns spent on level
                    A         B        C        D         E        F      G
               +---------+---------+-------+---------+---------+-------+---------
         Total |       0 |     673 |   0.0 |       0 |      65 |   0.0 |  2913
               +---------+---------+-------+---------+---------+-------+---------
           D:1 |       0 |      32 |   0.0 |       0 |      14 |   0.0 |   646
           D:2 |       0 |      75 |   0.0 |       0 |      13 |   0.0 |   476
           D:3 |       0 |      72 |   0.0 |       0 |      16 |   0.0 |  1105
           D:4 |       0 |     286 |   0.0 |       0 |       6 |   0.0 |   272
         Sewer |       0 |     208 |   0.0 |       0 |      16 |   0.0 |   414
               +---------+---------+-------+---------+---------+-------+---------
